 Dungeon Crawl Stone Soup version 0.30-a0-310-g7d6cbdfea6 (webtiles) character file.

Game seed: 11158702361908628115

7680 koil the Nimble (level 11, -2/60 HPs)
             Began as a Spriggan Brigand on Oct 24, 2022.
             Was a Believer of Wu Jian.
             Slain by a troll (13 damage)
             ... on level 10 of the Dungeon.
             The game lasted 00:42:16 (9147 turns).

koil the Nimble (Spriggan Brigand)                  Turns: 9147, Time: 00:42:16

Health: -2/60      AC:  4    Str:  9    XL:     11   Next: 0%
Magic:  19/19      EV: 32    Int: 18    God:    Wu Jian [**....]
Gold:   616        SH:  0    Dex: 16    Spells: 20/20 levels left

rFire   . . .      SeeInvis +    a - +3 dagger (venom)
rCold   . . .      Faith    .    (no shield)
rNeg    . . .      Spirit   .    A - +1 robe of Lifelessness {Will+ rCorr Str+2 Archmagi}
rPois   .          Reflect  .    (helmet restricted)
rElec   .          Harm     .    c - +0 cloak
rCorr   +          Rampage  .    (gloves unavailable)
Will    ++...      Archmagi +    (boots unavailable)
Stlth   ++++......               (no amulet)
HPRegen 0.30/turn                k - +4 ring of evasion
MPRegen 0.16/turn                x - +4 ring of evasion

@: studying Fighting, very quick
A: very small, no large weapons, unfitting armour, see invisible, speed 3
a: Renounce Religion, Wall Jump


You were on level 10 of the Dungeon.
You worshipped Wu Jian.
Wu Jian was pleased with you.
You visited 2 branches of the dungeon, and saw 10 of its levels.
You also visited: Bailey.

You collected 616 gold pieces.

Inventory:

Hand Weapons
 a - a +3 dagger of venom (weapon)
 b - a +1 arbalest
 n - a +2 dagger
 C - the +8 storm bow {elec, penet}
   (You found it in a bailey)

   Any ammunition fired from it occasionally discharges a powerful burst of
   electricity upon striking a foe.
   Any ammunition fired by it passes through the targets it hits, potentially
   hitting all targets in its path until it reaches maximum range.
Missiles
 d - 30 poisoned darts (quivered)
 e - 4 curare-tipped darts
 F - 4 atropa-tipped darts
 I - 3 throwing nets
Armour
 c - a +0 cloak (worn)
 r - a +2 robe of positive energy
 y - +0 steam dragon scales
 A - the +1 robe of Lifelessness (worn) {Will+ rCorr Str+2 Archmagi}
   (You found it on level 4 of the Dungeon)

   Str:       It affects your strength (+2).
   rCorr:     It protects you from acid and corrosion.
   Archmagi:  It increases the power of your magical spells.
   Will:      It increases your willpower.
Jewellery
 k - a +4 ring of evasion (left hand)
 m - a ring of magical power
 t - an amulet of the acrobat
 x - a +4 ring of evasion (right hand)
Wands
 B - a wand of polymorph (13)
Scrolls
 j - a scroll of butterflies
 q - 4 scrolls of magic mapping
 s - a scroll of teleportation
 v - 3 scrolls of blinking
 w - a scroll of fear
Potions
 f - 3 potions of ambrosia
 g - a potion of magic
 h - a potion of flight
 i - 4 potions of curing {unknown}
 l - a potion of heal wounds {unknown}
 o - a potion of lignification {unknown}
 p - 2 potions of mutation {unknown}
 u - 2 potions of haste
 z - a potion of resistance {unknown}
 D - a potion of experience
 E - 2 potions of berserk rage {unknown}


   Skills:
 + Level 8.1 Fighting
 - Level 10.0 Short Blades
 + Level 4.1 Ranged Weapons
 - Level 2.0 Throwing
 + Level 11.7 Dodging
 - Level 8.0 Stealth
 - Level 5.0 Spellcasting


You had 20 spell levels left.
You didn't know any spells.
Your spell library contained the following spells:

 Spells                   Type           Power      Damage    Failure   Level
 Apportation              Tloc           12%        N/A       13%         1
 Beastly Appendage        Tmut           12%        N/A       13%         1
 Static Discharge         Conj/Air       12%        2-3/arc   21%         2
 Wereblood                Tmut           6%         N/A       21%         2
 Gell's Gravitas          Tloc           6%         N/A       36%         3
 Lesser Beckoning         Tloc           12%        N/A       36%         3
 Spider Form              Tmut/Pois      6%         N/A       36%         3
 Teleport Other           Tloc           6%         N/A       36%         3
 Vhi's Electric Charge    Tloc/Air       12%        N/A       36%         3
 Alistair's Intoxication  Tmut/Pois      4%         N/A       98%         5
 Arcjolt                  Conj/Air       3%         1d13      98%         5
 Borgnjor's Vile Clutch   Necr/Erth      3%         N/A       98%         5
 Lightning Bolt           Conj/Air       3%         1d14      98%         5
 Eringya's Noxious Bog    Tmut/Pois      3%         N/A       100%        6


Dungeon Overview and Level Annotations

Branches:
Dungeon (10/15)            Temple (1/1) D:6          Bailey (visited)
   Lair: D:8-11         Orc: D:9-12

Altars:
Ashenzari
Cheibriados
Dithmenos
Elyvilon
Fedhas
Hepliaklqana
Kikubaaqudgha
Makhleb
Nemelex Xobeh
Qazlal
Ru
Sif Muna
Trog
Uskayaw
Vehumet
Wu Jian
Xom
Yredelemnul
Zin
The Shining One

Shops:
D:5 !   D:6 (   D:10 [

Annotations:
D:7 2 runed translucent doors, sirJeffrey23's ghost, novice NaVM


Innate Abilities, Weirdness & Mutations

You are very small and have problems with some larger weapons.
You are too small for most types of armour.
You have supernaturally acute eyesight. (SInv)
You cover ground extremely quickly. (Speed+++)


Message History

Grum is almost dead.
You puncture Grum!
You kill Grum!
The Council accepts your kill.
You have reached level 11!
You completely miss the troll. You closely miss the troll.
The troll misses you. The troll closely misses you. The troll misses you.
You barely miss the troll. You barely miss the troll.
The troll closely misses you. The troll completely misses you. x2
You barely miss the troll. You hit the troll.
The troll is poisoned.
The troll is lightly wounded.
The troll closely misses you. The troll barely misses you.
The troll claws you but does no damage.
You barely miss the troll.
The troll is lightly wounded.
You hit the troll.
The troll looks as sick as possible!
The troll is lightly wounded.
The troll bites you. The troll misses you. The troll completely misses you.
You hit the troll.
The troll looks as sick as possible!
The troll is lightly wounded.
You hit the troll.
The troll looks as sick as possible!
The troll is moderately wounded.
The troll completely misses you. The troll misses you.
The troll barely misses you.
You barely miss the troll.
The troll is moderately wounded.
You hit the troll but do no damage.
The troll is moderately wounded.
The troll completely misses you. The troll claws you!
* * * LOW HITPOINT WARNING * * *
The troll completely misses you.
You hit the troll.
The troll looks as sick as possible!
The troll is moderately wounded.
You completely miss the troll.
The troll is moderately wounded.
The troll bites you!
You die...

.....((..##.......##....#....#...
.((.((...#..~.~.†.~#....#....###.
.#.......#≈.~≈≈~.≈.#..###.#..###.
.#.......#~≈~~~≈~≈≈#......#...##.
..#......##≈≈≈≈≈≈≈##....###.#.##.
#..†.....##≈≈≈≈≈≈≈#.........#..(.
######.#####≈≈≈≈≈########.###.#..
.##......[.########## #.....#.#
................@T..## ##..###.#
#.<(.........#..##...## #......#
#............##...#...####.##...#
#............###...........##.#.#
.......†......#..≈≈~≈≈...........
..#....#...##....≈)>)≈...........
#.#.##....#####..≈.).≈..#........
#.#.#####.....#..≈...≈.........##
#...#.....##.....≈≈≈≈≈.........#


You could see a troll (extremely poisoned).

Vanquished Creatures
  2 orc knights (Bailey)
  A troll (D:10)
  3 water elementals (D:10)
  3 wraiths (D:10)
  A steam dragon (D:9)
  4 yaks (D:10)
  Grum (D:10)
  5 water moccasins
  A sky beast (D:7)
  12 orc warriors
  3 ice beasts
  2 black bears (D:10)
  4 ogres
  3 wolves (D:10)
  A phantom (D:5)
  2 kobold brigands (D:7)
  Blork the orc (D:4)
  4 bullfrogs
  A necrophage (D:5)
  A gnoll sergeant (D:5)
  6 scorpions
  6 hounds
  5 jellies
  3 gnoll boudas
  An orc priest (D:10)
  Natasha (thrice) (D:3)
  2 iguanas (D:5)
  4 orc wizards
  19 gnolls
  7 adders
  A shadow imp (D:5)
  2 white imps
  2 ufetubi
  4 worms
  A dart slug (D:2)
  25 orcs
  18 endoplasms
  10 goblins
  5 hobgoblins
  7 jackals
  19 kobolds
  2 quokkas
  3 ball pythons
  3 bats
  2 frilled lizards
  8 rats
223 creatures vanquished.

Vanquished Creatures (others)
  29 fungi
  35 plants (D:10)
  8 toadstools (D:4)
72 creatures vanquished.

Grand Total: 295 creatures vanquished

Notes
Turn   | Place    | Note
-------+----------+-------------------------------------------
     0 | D:1      | koil the Spriggan Brigand began the quest for the Orb.
     0 | D:1      | Reached XP level 1. HP: 10/10 MP: 2/2
   195 | D:1      | Reached XP level 2. HP: 13/15 MP: 2/4
   724 | D:2      | Found a faded altar of an unknown god.
   727 | D:2      | Reached skill level 1 in Spellcasting
   738 | D:2      | Reached skill level 2 in Dodging
   799 | D:2      | Reached XP level 3. HP: 18/18 MP: 5/5
  1383 | D:2      | Noticed a scorpion
  1390 | D:2      | Killed a scorpion
  1391 | D:2      | Reached skill level 3 in Dodging
  1391 | D:2      | Reached XP level 4. HP: 23/23 MP: 8/8
  1574 | D:3      | Found a sacrificial altar of Ru.
  1584 | D:3      | Reached XP level 5. HP: 27/27 MP: 9/9
  1631 | D:3      | Noticed Natasha
  1891 | D:3      | Killed Natasha
  1916 | D:3      | Noticed Natasha
  1935 | D:3      | Killed Natasha
  2008 | D:3      | Noticed Natasha
  2014 | D:3      | Killed Natasha
  2253 | D:3      | Reached XP level 6. HP: 32/32 MP: 11/11
  2574 | D:4      | Identified the +0 leather armour of Polish {Drain Int+8}
  2577 | D:4      | Noticed a water moccasin
  2661 | D:4      | Reached skill level 4 in Dodging
  2698 | D:4      | Identified the +1 robe of Lifelessness {Will+ rCorr Str+2
                  | Archmagi}
  2782 | D:4      | Noticed Blork the orc
  2798 | D:4      | Killed Blork the orc
  3060 | D:4      | Reached XP level 7. HP: 26/36 MP: 13/13
  3245 | D:5      | Entered Level 5 of the Dungeon
  3245 | D:5      | Found Baepahuf's Distillery.
  3607 | D:5      | Reached skill level 5 in Dodging
  3832 | D:5      | Reached skill level 5 in Short Blades
  3872 | D:5      | Reached XP level 8. HP: 42/42 MP: 16/16
  3991 | D:5      | Reached skill level 5 in Spellcasting
  4124 | D:5      | Reached skill level 6 in Dodging
  4520 | D:5      | Reached skill level 7 in Dodging
  4749 | D:6      | Found a staircase to the Ecumenical Temple.
  4799 | Temple   | Entered the Ecumenical Temple
  4852 | Temple   | Became a worshipper of the Wu Jian Council
  5079 | D:6      | Found Aklol's Weapon Shop.
  5322 | D:6      | HP: 2/42 [poisoned by a water moccasin]
  5530 | D:6      | Reached skill level 5 in Fighting
  5716 | D:6      | Reached XP level 9. HP: 47/47 MP: 17/17
  6167 | D:7      | Reached skill level 8 in Dodging
  6498 | D:7      | Reached * piety under Wu Jian
  6551 | D:7      | Found a large runed translucent door.
  6551 | D:7      | Found a large runed translucent door.
  6553 | D:7      | Noticed sirJeffrey23's ghost (novice NaVM)
  6783 | D:7      | You fall into a shaft and drop 3 floors!
  6783 | D:10     | Entered Level 10 of the Dungeon
  6889 | D:10     | HP: 1/48 [wraith (13)]
  6904 | D:9      | Found a glowing golden altar of the Shining One.
  6904 | D:9      | Found a blossoming altar of Fedhas.
  6904 | D:9      | Found a basalt altar of Yredelemnul.
  6904 | D:9      | Found a bloodstained altar of Trog.
  6904 | D:9      | Found a shimmering altar of Xom.
  6904 | D:9      | Found a broken altar of Ashenzari.
  6904 | D:9      | Found a snail-covered altar of Cheibriados.
  6904 | D:9      | Found a sparkling altar of Nemelex Xobeh.
  6904 | D:9      | Found a white marble altar of Elyvilon.
  7088 | D:9      | Reached skill level 9 in Dodging
  7243 | D:10     | Found a flagged portal.
  7391 | D:10     | Reached skill level 10 in Dodging
  7400 | D:10     | Reached XP level 10. HP: 42/53 MP: 18/18
  7482 | Bailey   | Entered a bailey
  7735 | Bailey   | Reached ** piety under Wu Jian
  7916 | Bailey   | Reached skill level 1 in Ranged Weapons
  8167 | Bailey   | Found the +8 storm bow {elec, penet}
  8171 | Bailey   | Noticed an orc knight
  8171 | Bailey   | Noticed an orc knight
  8234 | Bailey   | Killed an orc knight
  8418 | Bailey   | Killed an orc knight
  8419 | Bailey   | Reached skill level 11 in Dodging
  8828 | D:10     | Found Cadmus's Dragon-Slaying Spoils.
  9062 | D:10     | Reached skill level 10 in Short Blades
  9093 | D:10     | Noticed Grum
  9133 | D:10     | Killed Grum
  9134 | D:10     | Reached XP level 11. HP: 24/60 MP: 19/19
  9147 | D:10     | Slain by a troll

Illustrated notes

Levels and vault maps discovered:
D:1:      dpeg_arrival_refuge, layout_rooms, grunt_decor_fettered
D:2:      layout_loops_corners, ebering_ecumenical_altar_petrified
D:3:      layout_basic, nicolae_ru_great_annihilating_truth, chequers_garden,
          minmay_misc_feat_x, minmay_close_crescents, uniq_natasha
D:4:      cheibrodos_fertilizer, layout_rooms, uniq_blork_the_orc
D:5:      layout_rooms, serial_shops, nicolae_shop_crystal, hex_intersection
D:6:      layout_basic, minmay_temple_entry_offerings, serial_shops,
          nicolae_shop_trees, kennysheep_donut
D:7:      layout_basic, serial_shops, nicolae_shop_bloodbath_and_beyond,
          ebering_ghost_disaster_area
D:9:      layout_roguey [special_room_orc], nicolae_overflows_in_rows,
          gammafunk_temple_overflow_pools, serial_curves, eino_curves_04,
          eino_curves_04, eino_curves_01, eino_curves_02
D:10:     layout_rooms, due_lair_maze_entry_diamond, enter_bailey_5,
          hangedman_abyss_or_decor_stabs, nicolae_shop_dragon_depot,
          nicolae_underground_beach, uniq_grum
Temple:   eino_wide_crystal_templ

Skill      XL: |  1  2  3  4  5  6  7  8  9 10 |
---------------+-------------------------------+-----
Stealth        | 6 7 8 |  8.0
Spellcasting   | 1 2 3 4 5 |  5.0
Dodging        | 2 3 4 5 7 10 11 | 11.7
Fighting       | 2 3 5 6 8 |  8.1
Short Blades   | 3 4 5 6 8 10 | 10.0
Ranged Weapons | 4 |  4.1
Throwing       | |  2.0

Action                   |  1- 3 |  4- 6 |  7- 9 | 10-12 || total
-------------------------+-------+-------+-------+-------++-------
Melee: Dagger            |    95 |   155 |   592 |   215 ||  1057
       Punch             |     1 |     1 |     9 |     3 ||    14
 Fire: Arbalest          |       |       |       |   142 ||   142
Throw: Dart              |     2 |    10 |    31 |     8 ||    51
Invok: Lunge             |       |       |    12 |     6 ||    18
       Whirlwind         |       |       |     6 |     5 ||    11
  Use: Scroll            |       |       |    16 |     1 ||    17
       Potion            |       |       |       |     2 ||     2
 Stab: Sleeping          |     6 |    15 |     9 |     3 ||    33
       Distracted        |       |     1 |     2 |       ||     3
       Paralysed         |       |     1 |       |       ||     1
Armor: Robe              |     9 |     4 |    12 |     4 ||    29
Dodge: Dodged            |    61 |    94 |   466 |   315 ||   936

Table legend: (Time is in decaauts)
 A = Elapsed time spent in this place.
 B = Non-inter-level travel time spent in this place.
 C = Inter-level travel time spent in this place.
 D = Time resting spent in this place.
 E = Time spent auto-exploring this place.
 F = Levels seen in this place.
 G = Mean time per level.
                   A        B        C        D        E       F      G
               +--------+--------+--------+--------+--------+-----+--------+
         Total |   6949 |   6791 |    158 |   1107 |   3330 |  11 |  631.7 |
       Dungeon |   5630 |   5492 |    138 |    760 |   2988 |   9 |  625.6 |
        Temple |    216 |    196 |     20 |    130 |     26 |   1 |  216.0 |
        Bailey |   1101 |   1101 |      0 |    216 |    315 |   1 | 1101.0 |
               +--------+--------+--------+--------+--------+-----+--------+

Top non-repeatable levels by time:
  Bailey: 1101 daAuts
     D:5: 959 daAuts
    D:10: 771 daAuts
     D:6: 759 daAuts
     D:4: 736 daAuts
     D:3: 653 daAuts
     D:1: 539 daAuts
     D:2: 532 daAuts
     D:7: 477 daAuts
  Temple: 216 daAuts
     D:9: 201 daAuts
